 Dungeon Crawl Stone Soup version 0.31-b1-22-gc680215f68 (webtiles) character file.

Game seed: 16021442836482111617

3435 Ijustatesigmund the Destroyer (level 10, -1/97 HPs)
             Began as an Octopode Conjurer on Jan 18, 2024.
             Killed by divine providence
             ... invoked by an orc priest
              (15 damage)
             ... on level 7 of the Dungeon.
             The game lasted 00:22:16 (10937 turns).

Ijustatesigmund the Destroyer (Octopode Conjurer)  Turns: 10937, Time: 00:22:17

Health: -1/97      AC:  5    Str:  6    XL:     10   Next: 5%
Magic:  20/20      EV: 13    Int: 26    God:
Gold:   173        SH:  0    Dex: 10    Spells: 15/22 levels left

rFire   . . .        x - +7 flail (drain)
rCold   . . .        (no shield)
rNeg    . . .        (helmet restricted)
rPois   .            r - amulet of regeneration
rElec   .            c - +4 ring of protection
rCorr   .            (no ring)
SInv    .            (no ring)
Will    .....        (no ring) Stlth
                     (no ring)
HPRegen 1.16/turn    (no ring)
MPRegen 0.17/turn    (no ring)
                     (no ring)

%: no passive effects
@: berserking, very quick
A: almost no armour, amphibious, 8 rings, camouflage 1, gelatinous body 1,
(nimble swimmer 1), tentacles
a: no special abilities


You were on level 7 of the Dungeon.
You visited 1 branch of the dungeon, and saw 7 of its levels.
You also visited: Ossuary.

You collected 413 gold pieces.
You spent 240 gold pieces at shops.

Inventory:

Hand Weapons
 e - a +1 quarterstaff
 x - a +7 flail of draining (weapon)
Missiles
 m - a throwing net
Jewellery
 c - a +4 ring of protection (left tentacle)
 r - an amulet of regeneration (around mantle)
 y - a +6 ring of intelligence
 C - an amulet of reflection
Wands
 h - a wand of digging (6)
 q - a wand of roots (8)
Scrolls
 b - a scroll of fear {unknown}
 k - 4 scrolls of teleportation
 l - a scroll of torment
 o - a scroll of immolation
 p - 6 scrolls of vulnerability
 s - a scroll of brand weapon {unknown}
 t - 2 scrolls of enchant armour
 z - 3 scrolls of revelation {unknown}
 D - a scroll of poison
 E - a scroll of butterflies
Potions
 a - 2 potions of brilliance
 d - 2 potions of haste
 f - 2 potions of mutation
 g - 2 potions of ambrosia
 i - a potion of curing
 j - a potion of enlightenment
 n - 2 potions of might
 u - a potion of cancellation
 v - 2 potions of attraction
 A - 2 potions of heal wounds {unknown}
 B - a potion of lignification {unknown}
 F - a potion of resistance {unknown}


   Skills:
 + Level 4.6 Fighting
 + Level 2.4 Maces & Flails
 - Level 2.0 Dodging
 - Level 2.6 Stealth
 - Level 0.8 Unarmed Combat
 + Level 6.6 Spellcasting
 + Level 8.5 Conjurations
 + Level 6.9 Translocations
 - Level 3.1 Evocations


You had 15 spell levels left.
You knew the following spells:

 Your Spells              Type           Power      Damage    Failure   Level
a - Magic Dart            Conj           100%       1d8       1%          1
b - Searing Ray           Conj           100%       2d8       1%          2
c - Iskenderun's Mystic   Conj/Tloc      48%        2d11      2%          4

Your spell library contained the following spells:

 Spells                   Type           Power      Damage    Failure   Level
 Hailstorm                Conj/Ice       30%        3d8       3%          3
 Summon Small Mammal      Summ           32%        N/A       6%          1
 Jinxbite                 Hex            16%        N/A       10%         2
 Fulminant Prism          Conj/Alch      15%        3d10      11%         4
 Call Canine Familiar     Summ           8%         N/A       19%         3
 Summon Ice Beast         Ice/Summ       8%         N/A       19%         3
 Summon Blazeheart Golem  Fire/Summ      8%         N/A       54%         4
 Yara's Violent Unravell  Hex/Alch       4%         3d4       87%         5
 Sculpt Simulacrum        Ice/Alch       4%         N/A       100%        6
 Enfeeble                 Hex            4%         N/A       100%        7


Dungeon Overview and Level Annotations

Branches:
Dungeon (7/15)            Ossuary (visited)
 Temple: D:4-7

Altars:
Cheibriados
Kikubaaqudgha
Makhleb
Ru
Yredelemnul
The Shining One

Shops:
D:1 *   D:6 [?*((

Annotations:
D:5 3 runed translucent doors, andthrax's ghost, novice TrMo


Innate Abilities, Weirdness & Mutations

You cannot wear most types of armour.
You are amphibious.
You can wear up to eight rings at the same time.
Your skin changes colour to match your surroundings (Stealth+).
Your rubbery body absorbs attacks. (AC +1, EV +1)
((You are camouflaged when in or above water. (Stealth+)))
You have tentacles for arms and can constrict up to eight enemies at once.


Message History

The orc priest hits you from afar with a +0 trident.
You sock the orc priest!
You tentacle-slap the orc priest, but do no damage.
You squeeze the orc priest.
The orc priest is severely wounded.
You constrict the orc priest.
The orc priest calls upon Beogh to heal the orc priest.
The orc priest is healed somewhat.
Something hits you. Something shocks you.
The orc priest hits you from afar with a +0 trident.
The orc priest hits you with a +0 mace. Something hits you.
Something shocks you.
The orc priest hits you but does no damage.
You hit the orc priest.
You kill the orc priest!
Something hits you. Something shocks you.
* * * LOW HITPOINT WARNING * * *
The orc priest barely misses you.
You feel better. Something hits you. Something shocks you.
* * * LOW HITPOINT WARNING * * *
The orc priest barely misses you.
You feel better.
A sky beast appears from thin air!
Reactivating autopickup.
The sky beast hits you. The sky beast shocks you.
* * * LOW HITPOINT WARNING * * *
The orc priest hits you from afar with a +0 trident.
* * * LOW HITPOINT WARNING * * *
Okay, then.
A red film seems to cover your vision as you go berserk!
You feel yourself moving faster!
You feel mighty!
The sky beast hits you but does no damage.
The orc priest hits you but does no damage.
You sock the sky beast! Your squeeze misses the sky beast.
The sky beast is heavily wounded.
The sky beast hits you.
* * * LOW HITPOINT WARNING * * *
The sky beast shocks you.
* * * LOW HITPOINT WARNING * * *
The orc priest invokes the aid of Beogh against you.
Beogh smites you!
You die...

.... #...# #
#...# .. #...#
...#####...#####
.....o..........
...#
......Y)........
....
#....)@........
#..#
#).####...####
##..#. #...# #..
.... #...#
##.###..# #...#
.....#..# #...#
.# #....##
##.####.#
#..#..#
#......###.###..
###.........#<.#


You could see a sky beast and an orc priest.

Vanquished Creatures
  Pikel (D:5)
  3 yaks (D:5)
  Edmund (D:5)
  An ogre (D:4)
  2 ice beasts
  4 black bears
  4 lemures (D:5)
  An elf zombie (Ossuary)
  4 kobold brigands
  5 scorpions (D:5)
  A howler monkey (D:7)
  3 centaur zombies (Ossuary)
  2 bombardier beetles
  6 orc priests
  2 jellies
  A human zombie (Ossuary)
  A hound (D:4)
  Terence (D:2)
  3 iguanas (D:6)
  2 sleepcaps
  2 orc wizards
  2 ogre zombies (Ossuary)
  7 mummies (Ossuary)
  2 adders
  7 gnolls
  3 shadow imps
  8 ufetubi
  5 adder zombies (Ossuary)
  3 dart slugs
  2 ribbon worms (D:2)
  18 orcs
  6 ball pythons
  5 bats
  12 endoplasms
  5 giant cockroaches
  3 gnoll zombies (Ossuary)
  11 goblins
  13 hobgoblins
  4 jackals
  5 quokkas
  6 frilled lizards
  3 goblin zombies (Ossuary)
  A hobgoblin zombie (Ossuary)
  32 kobolds
  4 kobold zombies (Ossuary)
  3 quokka zombies (Ossuary)
  4 rats
  2 rat zombies (Ossuary)
226 creatures vanquished.

Notes
Turn   | Place    | Note
-------+----------+-------------------------------------------
     0 | D:1      | Ijustatesigmund the Octopode Conjurer began the quest for
                  | the Orb.
     0 | D:1      | Reached XP level 1. HP: 11/11 MP: 3/3
   128 | D:1      | Found a faded altar of an unknown god.
   405 | D:1      | Reached XP level 2. HP: 18/18 MP: 0/5
   408 | D:1      | Learned a level 2 spell: Searing Ray
  1006 | D:1      | Reached XP level 3. HP: 22/22 MP: 2/6
  1097 | D:1      | Found Wiasoba's General Store.
  1550 | D:2      | Noticed Terence
  1556 | D:2      | Killed Terence
  1557 | D:2      | Reached skill level 1 in Fighting
  1557 | D:2      | Reached skill level 5 in Conjurations
  1557 | D:2      | Reached XP level 4. HP: 26/28 MP: 4/7
  1564 | D:2      | Learned a level 4 spell: Iskenderun's Mystic Blast
  2182 | D:1      | Bought a scroll of identify for 24 gold pieces
  2755 | D:3      | Reached skill level 1 in Translocations
  2757 | D:3      | Reached XP level 5. HP: 10/33 MP: 3/8
  3049 | D:3      | Found an ancient bone altar of Kikubaaqudgha.
  3056 | D:3      | Identified the +0 robe of the Armoured One {Int+3}
  3691 | D:3      | Found a sacrificial altar of Ru.
  3929 | D:3      | Found a burning altar of Makhleb.
  3940 | D:3      | Noticed a green death
  4109 | D:3      | Found a basalt altar of Yredelemnul.
  4197 | D:4      | Reached XP level 6. HP: 39/39 MP: 5/10
  5262 | D:4      | Found a glowing golden altar of the Shining One.
  5870 | D:4      | Reached XP level 7. HP: 45/45 MP: 6/12
  6001 | D:5      | Entered Level 5 of the Dungeon
  6040 | D:5      | Reached skill level 6 in Conjurations
  6090 | D:5      | Found a sand-covered staircase.
  6100 | Ossuary  | Entered an ossuary
  7162 | Ossuary  | Reached XP level 8. HP: 50/50 MP: 4/14
  7951 | D:5      | Reached skill level 7 in Conjurations
  8096 | D:5      | Reached skill level 5 in Spellcasting
  8096 | D:5      | Reached skill level 5 in Translocations
  8137 | D:5      | Noticed a yak
  8153 | D:5      | Killed a yak
  8153 | D:5      | Noticed a yak
  8447 | D:5      | Noticed a yak
  8458 | D:5      | Noticed a yak
  8471 | D:5      | Killed a yak
  8472 | D:5      | Reached skill level 1 in Evocations
  8475 | D:5      | Killed a yak
  8476 | D:5      | Reached XP level 9. HP: 30/55 MP: 1/17
  8631 | D:5      | Noticed Edmund
  9113 | D:5      | Killed Edmund
  9175 | D:5      | Noticed Pikel
  9185 | D:5      | Killed Pikel
  9186 | D:5      | Reached skill level 8 in Conjurations
  9485 | D:5      | Found a runed translucent gate.
  9485 | D:5      | Found a runed translucent gate.
  9486 | D:5      | Found a runed translucent gate.
  9550 | D:5      | Noticed andthrax's ghost (novice TrMo)
  9778 | D:6      | Reached skill level 1 in Maces & Flails
  9834 | D:6      | Found Poggas's Antique Weapon Boutique.
  9851 | D:6      | Found Usme's Antique Weapon Shop.
 10147 | D:6      | Identified the maw talisman of the Tangerine {rC++ rN+
                  | Stlth-}
 10180 | D:6      | Found a snail-covered altar of Cheibriados.
 10191 | D:6      | Found Carchegg's Armour Emporium.
 10192 | D:6      | Found Ruin's Magic Scroll Emporium.
 10206 | D:6      | Bought a scroll of enchant armour for 90 gold pieces
 10206 | D:6      | Bought a scroll of butterflies for 48 gold pieces
 10596 | D:6      | Found Sedd's Assorted Antiques.
 10603 | D:6      | Bought a bubbling brown potion for 18 gold pieces
 10603 | D:6      | Bought a scroll labelled ODAALU IMOGUC for 20 gold pieces
 10603 | D:6      | Bought a scroll of identify for 40 gold pieces
 10790 | D:7      | Reached XP level 10. HP: 65/65 MP: 19/19
 10937 | D:7      | Killed from afar by an orc priest

Illustrated notes

Levels and vault maps discovered:
D:1:      dpeg_cavernosity, layout_basic, serial_shops, shop,
          shapermc_ecumenical_altar_mp_urbaneastern, minmay_misc_feat_chi,
          minmay_box_of_dots
D:2:      layout_loops_ring, uniq_terence
D:3:      layout_rooms, nicolae_ru_awakened_eye, makhleb_altar_promises_db,
          mainiacjoe_overflow_surrounded_room, mainiacjoe_overflow_chevrons,
          hex_large, minmay_cupped
D:4:      minmay_chambers_of_twos, layout_loops_ring, lemuel_doored_altar,
          kennysheep_small_spiral
D:5:      layout_basic, mainiacjoe_ossuary_entry_dusty_tomb,
          gammafunk_ghost_necromancy, minmay_circle_x, uniq_edmund, uniq_pikel
D:6:      layout_basic, overflow_temple_1_default, serial_shops, shop,
          shop_scrolls, shop, shop, nicolae_shop_stone,
          kennysheep_generic_room_5
D:7:      layout_loops_cross, hellmonk_sif_muna_bookshelves,
          minmay_temple_entry_enclosed_plants

Skill      XL: |  1  2  3  4  5  6  7  8  9 |
---------------+----------------------------+-----
Fighting       | 1 2 4 |  4.6
Conjurations   | 5 6 7 8 |  8.5
Translocations | 1 2 3 4 5 6 |  6.9
Spellcasting   | 3 4 5 6 |  6.6
Evocations     | 1 3 |  3.1
Maces & Flails | 2 |  2.4
Dodging        | |  2.0
Stealth        | |  2.6
Unarmed Combat | |  0.8

Action                     |  1- 3 |  4- 6 |  7- 9 | 10-12 || total
---------------------------+-------+-------+-------+-------++-------
  Melee: Unarmed           |    17 |       |       |       ||    17
         Tentacles         |     4 |     6 |    23 |     3 ||    36
         Constrict         |     3 |     4 |    27 |     4 ||    38
         Quarterstaff      |     2 |    13 |    36 |       ||    51
         Flail             |       |       |    75 |    17 ||    92
         Punch             |       |       |       |     1 ||     1
   Cast: Magic Dart        |    42 |   136 |   125 |     1 ||   304
         Searing Ray       |     5 |    11 |    53 |       ||    69
    Use: Potion            |     1 |       |     1 |     3 ||     5
         Scroll            |       |     6 |    16 |       ||    22
   Stab: Sleeping          |       |       |     2 |     1 ||     3
 Armour: Skin              |    13 |    18 |   149 |    24 ||   204
  Dodge: Dodged            |    19 |    32 |   158 |    11 ||   220
